 Dungeon Crawl Stone Soup version 0.26-a0-651-gb41185065b (webtiles) character file.

Game seed: 6445528154890814524

232 Irenicus the Stinger (level 5, -18/21 HPs)
             Began as a Felid Venom Mage on Oct 28, 2020.
             Was a Plaything of Xom.
             Demolished by a swamp drake (20 damage)
             ... on level 4 of the Dungeon.
             The game lasted 00:16:31 (2900 turns).

Irenicus the Stinger (Felid Venom Mage)             Turns: 2900, Time: 00:16:32

Health: -18/21     AC:  2    Str:  4    XL:     5   Next: 73%
Magic:  9/9        EV: 18    Int: 19    God:    Xom [...*..]
Gold:   172        SH:  0    Dex: 16    Spells: 4/8 levels left
                                        Lives:  0   Deaths: 1

rFire    . . .     SeeInvis +   (weapon unavailable)
rCold    . . .     Faith    .   (shield unavailable)
rNeg     . . .     Spirit   .   (armour unavailable)
rPois    .         Reflect  .   (helmet unavailable)
rElec    .         Harm     .   (cloak unavailable)
rCorr    .         Rampage  .   (gloves unavailable)
MR       .....                  (boots unavailable)
Stlth    +.........             (no amulet)
HPRegen  0.07/turn              (no ring)
MPRegen  0.11/turn              (no ring)

@: confused, quick
A: very small, no armour, no weapons or thrown items, stealth, claws 1, fangs 3,
see invisible, speed 1, shaggy fur 2, sharp paws
a: Renounce Religion


You were on level 4 of the Dungeon.
You worshipped Xom.
You were a favourite toy of Xom.
You visited 1 branch of the dungeon, and saw 4 of its levels.

You collected 172 gold pieces.

Inventory:

Jewellery
 n - an uncursed amulet of guardian spirit {unknown}
   (You found it on level 4 of the Dungeon)
Scrolls
 c - a scroll of magic mapping {unknown}
 d - a scroll of teleportation
 e - a scroll of remove curse
 g - a scroll of random uselessness {unknown}
 h - a scroll of identify {unknown}
 k - a scroll of enchant armour {unknown}
 l - a scroll of blinking {unknown}
Potions
 a - a potion of cancellation {unknown}
 b - a potion of heal wounds {unknown}
 f - a potion of berserk rage {unknown}
 i - a potion of mutation {unknown}
 j - 2 potions of curing
 m - a potion of flight {unknown}


   Skills:
 - Level 2.6 Dodging
 - Level 2.6 Stealth
 - Level 2.0 Spellcasting
 + Level 2.3 Conjurations
 - Level 2.0 Transmutations
 + Level 2.3 Air Magic
 - Level 5.5 Poison Magic


You had 4 spell levels left.
You knew the following spells:

 Your Spells              Type           Power        Failure   Level
a - Sting                 Tmut/Pois      ###.         3%          1
x - Mephitic Cloud        Conj/Pois/Air  ##......     13%         3

Your spell library contained the following spells:

 Spells                   Type           Power        Failure   Level
 Poisonous Vapours        Pois/Air       ###...       4%          2
 Olgreb's Toxic Radiance  Pois           ###.....     17%         4
 Ignite Poison            Fire/Tmut/Pois ##......     19%         3


Dungeon Overview and Level Annotations

Branches:
Dungeon (4/15)
 Temple: D:4-7

Altars:
Ashenzari
Cheibriados
Dithmenos
Ru
Trog
Xom
The Shining One


Innate Abilities, Weirdness & Mutations

You cannot wear armour.
You are incapable of wielding weapons or throwing items.
Your paws allow you to move quietly. (Stealth)
You have sharp claws.
You have razor-sharp teeth.
You have supernaturally acute eyesight. (SInv)
You cover ground quickly.
You are covered in thick fur. (AC +2)
Your sharp claws are effective at attacking unaware monsters.


Message History

The swamp drake seems to grow stronger.
The swamp drake breathes noxious fumes at you.
The noxious blast engulfs the ball python skeleton but does no damage.
The giant cockroach is engulfed in seething chaos.
The giant cockroach seems to speed up.
The ball python skeleton barely misses your iron imp.
The ball python skeleton grabs your iron imp.
The ball python skeleton constricts your iron imp.
The adder is engulfed in noxious fumes.
The adder appears confused.
The adder bites your iron imp but does no damage.
The giant cockroach is engulfed in seething chaos.
The giant cockroach goes berserk!
The swamp drake is engulfed in seething chaos.
Your iron imp hits the adder.
Casting: Sting (safe; 3% risk of failure)
Confirm with . or Enter, or press ? or * to list all spells.
Aiming: Sting (safe; 3% risk of failure)
Press: ? - help, Shift-Dir - straight line, f - ball python skeleton
Aim: a ball python skeleton (noxious fumes, constricting your iron imp)
The sting hits the ball python skeleton.
The ball python skeleton is lightly damaged.
The giant cockroach is engulfed in seething chaos.
The swamp drake is engulfed in seething chaos.
The adder is engulfed in noxious fumes.
The adder bites your iron imp.
The ball python skeleton loses its grip on your iron imp.
The swamp drake is engulfed in seething chaos.
The swamp drake breathes noxious fumes at you.
The noxious blast engulfs you but does no damage.
Your iron imp hits the adder.
The adder is engulfed in noxious fumes.
The adder appears confused.
The adder dies!
You now have 8/9 mp.
You are engulfed in noxious fumes.
You choke on the stench!
You are confused.
The giant cockroach is engulfed in seething chaos.
The ball python skeleton closely misses you.
The ball python skeleton misses you.
The swamp drake is engulfed in seething chaos.
The giant cockroach is engulfed in noxious fumes.
The giant cockroach appears confused.
You take 2 damage, and have 12/21 hp. "Feel my power!"
Your iron imp is outlined in light.
The ball python skeleton is outlined in light.
Your iron imp hits the ball python skeleton.
It was a potion of curing.
You feel better.
The ball python skeleton bites your iron imp but does no damage.
The ball python skeleton grabs your iron imp.
The ball python skeleton constricts your iron imp.
Your iron imp barely misses the ball python skeleton.
A jackal skeleton comes into view.
Health restored: 21
Casting: Sting (safe; 3% risk of failure)
Confirm with . or Enter, or press ? or * to list all spells.
Aiming: Sting (safe; 3% risk of failure)
Press: ? - help, Shift-Dir - straight line, f/p - ball python skeleton
Aim: a ball python skeleton (almost destroyed, constricting your iron imp, softly glowing)
Okay, then.
The ball python skeleton loses its grip on your iron imp.
Your iron imp hits the ball python skeleton!
The ball python skeleton is destroyed! "This might be better!"
Your iron imp evaporates and reforms as a white imp!
The swamp drake closely misses you.
The swamp drake is engulfed in seething chaos.
The swamp drake closely misses you.
Your white imp gestures at the giant cockroach.
The puff of frost hits the giant cockroach!
The giant cockroach dies!
The swamp drake is engulfed in seething chaos.
The swamp drake breathes noxious fumes at you.
The noxious blast engulfs you but does no damage.
You are engulfed in noxious fumes.
You choke on the stench!
You are confused.
The jackal skeleton closely misses your white imp.
The swamp drake is engulfed in seething chaos.
Your white imp hits the jackal skeleton.
Your white imp freezes the jackal skeleton.
The jackal skeleton completely resists.
You take 1 damage, and have 20/21 hp.
Okay, then.
The swamp drake is engulfed in seething chaos.
The jackal skeleton bites your white imp but does no damage.
Your white imp hits the jackal skeleton.
Your white imp freezes the jackal skeleton.
The jackal skeleton completely resists.
MP restored: 9 You are engulfed in noxious fumes.
You choke on the stench!
You are more confused.
Xom adds some personal touches to your environment.
The swamp drake bites you!
Ouch! That really hurt!
* * * LOW HITPOINT WARNING * * *
The swamp drake is engulfed in seething chaos.
Your white imp gestures at the jackal skeleton.
The puff of frost hits the jackal skeleton.
The jackal skeleton resists.
The swamp drake bites you!!
Ouch! That really hurt!
You die...
Xom giggles madly!

........ * *.##,***** *
#######..,,* ,, ,*
#..__†.########## , ,,,*
#................
,*######.._5..######....
..##(....°.°Z....# #....
......_°°°°......# *#....
* #......§°k§......+
#...s #.......@k°§.....#
#....
##############.....##....
,, ,.......#....
......#.... , ..... , ,
.... .


You could see 2 swamp drakes, a jackal skeleton and a friendly white imp
(summoned).

Vanquished Creatures
  An ogre (D:4)
  2 orc priests (D:3)
  2 hounds (D:4)
  2 orc wizards
  A worker ant (D:4)
  Terence (D:3)
  3 gnolls (D:2)
  3 adders
  2 oozes
  2 worms (D:2)
  3 dart slugs
  A leopard gecko (D:1)
  9 orcs
  6 bats
  4 giant cockroaches
  5 goblins
  5 hobgoblins
  3 jackals (D:2)
  A quokka (D:4)
  A ball python (D:2)
  2 frilled lizards (D:3)
  8 kobolds
  A leopard gecko skeleton (D:4)
  4 rats
72 creatures vanquished.

Vanquished Creatures (collateral kills)
  An orc (D:4)
  A giant cockroach (D:4)
  A ball python skeleton (D:4)
3 creatures vanquished.

Vanquished Creatures (others)
  An adder (D:4)
1 creature vanquished.

Grand Total: 76 creatures vanquished

Notes
Turn   | Place    | Note
-------+----------+-------------------------------------------
     0 | D:1      | Irenicus the Felid Venom Mage began the quest for the Orb.
     0 | D:1      | Reached XP level 1. HP: 7/7 MP: 4/4
    97 | D:1      | Reached skill level 3 in Poison Magic
    97 | D:1      | Reached XP level 2. HP: 8/11 MP: 3/6
   171 | D:1      | Reached skill level 2 in Transmutations
   391 | D:1      | Reached XP level 3. HP: 8/14 MP: 4/7
   559 | D:2      | Found a sacrificial altar of Ru.
   912 | D:2      | Reached skill level 4 in Poison Magic
   986 | D:2      | Found a glowing golden altar of the Shining One.
  1036 | D:2      | Reached XP level 4. HP: 18/18 MP: 1/8
  1088 | D:2      | Found a shadowy altar of Dithmenos.
  1512 | D:3      | Found a bloodstained altar of Trog.
  1675 | D:3      | Reached skill level 5 in Poison Magic
  1675 | D:3      | Reached XP level 5. HP: 11/21 MP: 1/9
  1686 | D:3      | HP: 1/21 [orc priest/nerve-wracking pain (7)]
  1902 | D:3      | Found a bloodstained altar of Trog.
  1914 | D:3      | Found a broken altar of Ashenzari.
  1924 | D:3      | Found a shimmering altar of Xom.
  1925 | D:3      | Found a snail-covered altar of Cheibriados.
  1935 | D:3      | Became a worshipper of Xom of Chaos
  1943 | D:3      | Noticed Terence
  1959 | D:3      | Killed Terence
  1991 | D:3      | Learned a level 3 spell: Mephitic Cloud
  2010 | D:3      | XOM: silly message
  2083 | D:3      | XOM: divination: detect creatures
  2362 | D:3      | XOM: silly message
  2431 | D:4      | XOM: divination: magic mapping
  2442 | D:4      | Noticed an orc warrior
  2449 | D:4      | XOM: summons friendly crimson imp
  2479 | D:4      | Reached skill level 1 in Conjurations
  2479 | D:4      | Reached skill level 1 in Air Magic
  2479 | D:4      | Gained mutation: You are covered in thick fur. (AC +2)
                  | [Felid growth]
  2479 | D:4      | Reached XP level 6. HP: 11/24 MP: 2/10
  2582 | D:4      | XOM: summons friendly quasit
  2587 | D:4      | XOM: destruction
  2589 | D:4      | XOM: potion effect (berserk rage)
  2592 | D:4      | XOM: polymorph ogre -> tengu
  2593 | D:4      | Reached skill level 2 in Conjurations
  2593 | D:4      | Reached skill level 2 in Air Magic
  2601 | D:4      | HP: 8/36 [tengu (2)]
  2607 | D:4      | Slain by a tengu
  2608 | D:4      | Reached XP level 5. HP: 0/21 MP: 2/9
  2629 | D:4      | XOM: divination: magic mapping
  2639 | D:4      | HP: 2/21 [orc warrior/+0 long sword (19)]
  2648 | D:4      | an orc warrior changed into a worker ant
  2648 | D:4      | XOM: polymorph orc warrior -> worker ant
  2682 | D:3      | HP: 3/21 [orc/silver boomerang (2)]
  2758 | D:4      | HP: 5/21 [leopard gecko skeleton (2)]
  2866 | D:4      | XOM: cloud trail
  2878 | D:4      | Noticed a swamp drake
  2878 | D:4      | a hound changed into a swamp drake
  2880 | D:4      | XOM: scenery: create altars
  2887 | D:4      | XOM: summons friendly iron imp
  2892 | D:4      | XOM: fake destruction
  2895 | D:4      | XOM: polymorph iron imp -> white imp
  2900 | D:4      | XOM: scenery: create altars
  2900 | D:4      | HP: 2/21 [swamp drake (17)]
  2900 | D:4      | Demolished by a swamp drake

Illustrated notes

Levels and vault maps discovered:
D:1:      minmay_arrival_four_loops, layout_loops_ring
D:2:      layout_basic, nicolae_dithmenos_through_a_glass_darkly,
          nicolae_overflow_crystal_walls, minmay_misc_feat_more_columns,
          tso_altar
D:3:      layout_loops_corners, grunt_temple_overflow_open,
          overflow_temple_1_default, trog_three_pillars_becter, uniq_terence
D:4:      old_forge, layout_basic, minmay_temple_entry_statues_pillars,
          minmay_bent, uniq_pikel

Skill      XL: |  1  2  3  4  5  6 |
---------------+-------------------+-----
Poison Magic   | 3 4 5 |  5.5
Transmutations | 2 |  2.0
Conjurations   | 1 2 |  2.3
Air Magic      | 1 2 |  2.3
Dodging        | |  2.6
Stealth        | |  2.6
Spellcasting   | |  2.0

Action                   |  1- 3 |  4- 6 || total
-------------------------+-------+-------++-------
Melee: Unarmed           |     7 |    28 ||    35
       Bite              |       |     3 ||     3
 Cast: Sting             |    54 |    82 ||   136
       Mephitic Cloud    |       |     2 ||     2
  Use: Potion            |       |     2 ||     2
       Scroll            |       |     2 ||     2
 Stab: Sleeping          |     4 |     1 ||     5
       Invisible         |       |     1 ||     1
Armor: Skin              |     1 |     1 ||     2
Dodge: Dodged            |    27 |    56 ||    83

Table legend: (Time is in decaauts)
 A = Elapsed time spent in this place.
 B = Non-inter-level travel time spent in this place.
 C = Inter-level travel time spent in this place.
 D = Time resting spent in this place.
 E = Time spent auto-exploring this place.
 F = Levels seen in this place.
 G = Mean time per level.
                   A        B        C        D        E       F      G
               +--------+--------+--------+--------+--------+-----+--------+
         Total |   2401 |   2366 |     35 |    156 |    819 |   4 |  600.2 |
       Dungeon |   2401 |   2366 |     35 |    156 |    819 |   4 |  600.2 |
               +--------+--------+--------+--------+--------+-----+--------+

Top non-repeatable levels by time:
     D:2: 807 daAuts
     D:3: 726 daAuts
     D:4: 443 daAuts
     D:1: 424 daAuts

Table legend:
 A = Kills in this place as a percentage of kills in entire the game.
 B = Kills by you in this place as a percentage of kills by you in the entire game.
 C = Kills by friends in this place as a percentage of kills by friends in the entire game.
 D = Other kills in this place as a percentage of other kills in the entire game.
 E = Experience gained in this place as a percentage of experience gained in the entire game.
 F = Experience gained in this place divided by the number of levels of this place that you have seen.
                   A       B       C       D       E      F
               +-------+-------+-------+-------+-------+----------------------
         Total | 100.0 | 100.0 | 100.0 | 100.0 | 100.0 | 151.2
       Dungeon | 100.0 | 100.0 | 100.0 | 100.0 | 100.0 | 151.2
               +-------+-------+-------+-------+-------+----------------------
